[Event "Live Chess"]
[Site "Chess.com"]
[Date "2023.05.21"]
[Round "-"]
[White "FailsGambits"]
[Black "raminguy"]
[Result "0-1"]
[WhiteElo "1335"]
[BlackElo "1952"]
[TimeControl "300"]
[EndTime "1:36:43 PDT"]
[Termination "raminguy won on time"]

1. e4 e5 2. Nf3 Nc6 3. d4 exd4 4.
Nxd4 Qf6 5. Be3 Bc5 6. c3 Nge7 7.
Bb5 a6 8. Bxc6 Nxc6 9. O-O O-O 10.
Qd2 h6 11. Nxc6 Qxc6 12. Bxc5 Qxc5 13. Qd4 Qb5 14. b3 d6 15. Na3 Qe8 16. Rfe1 Be6 17. Re3 Qd8 18. Rae1 Qg5 19. e5 dxe5 20. Qxe5 Qxe5 21.
Rxe5 Rad8 22. Nc2 Rd2 23. Nd4 Rxa2 24. Nxe6 fxe6 25. f3 Rc2 26. c4 Rc3 27. R5e3 Rxe3 28.
Rxe3 Re8 29. Rd3 Re7 30. Rd8+ Kf7 31. Kf2 e5 32. Rd5 b6 33. b4 c6 34. Rd6 Re6 35. Rd7+ Kf6 36. Ra7 b5 37. cxb5 axb5 38. Ra6 Rd6 39. Kg3 Ke6 40. Ra7 g6 41. Rg7 Kd5 42.
Rh7 h5 43. Rh6 Kc4 44. Rh7 Kxb4 0-1

[Event "Live Chess"]
[Site "Chess.com"]
[Date "2023.05.21"]
[Round "-"]
[White "KeithArkell"]
[Black "MartynColebrook"]
[Result "1-0"]
[WhiteElo "2516"]
[BlackElo "1097"]
[TimeControl "300"]
[EndTime "1:36:59 PDT"]
[Termination "KeithArkell won by resignation"]

1. d4 Nf6 2. Nf3 d6 3. c4 g6 4. Nc3 Bg7 5. g3 e5 6. dxe5 dxe5 7. Qxd8+ Kxd8 8. Nxe5 Ke7 9. Bg2 Ke6 10. Nd3 Nc6 11.
Nd5 Nd4 12. N3f4+ Kd7 13. O-O Nxd5 14. Bxd5 f5 15. Rb1 Re8 16. e3 c6 17. Bg2 Ne6 18.
Nxe6 Rxe6 19. Rd1+ Ke7 20. Bd2 Bd7 21. Bb4+ Ke8 22.
Rd2 b6 23. Rbd1 Rd8 24. Bd6 c5 25. Bc7 1-0

[Event "Live Chess"]
[Site "Chess.com"]
[Date "2023.05.21"]
[Round "-"]
[White "skorpion49"]
[Black "MarkLim1"]
[Result "0-1"]
[WhiteElo "1755"]
[BlackElo "1710"]
[TimeControl "300"]
[EndTime "1:37:10 PDT"]
[Termination "MarkLim1 won by resignation"]

1. e4 e6 2. d4 d5 3. e5 c5 4.
c3 Nc6 5. Nf3 Nge7 6. Be2 Nf5 7.
g4 Nh4 8. Bf4 Nxf3+ 9. Bxf3 cxd4 10. cxd4 Qb6 11. O-O Qxb2 12. Be3 Qxa1 13. Qc2 Nb4 14.
Qa4+ Bd7 0-1

[Event "Live Chess"]
[Site "Chess.com"]
[Date "2023.05.21"]
[Round "-"]
[White "JoeyCage"]
[Black "Biranidun"]
[Result "1/2-1/2"]
[WhiteElo "2312"]
[BlackElo "2538"]
[TimeControl "300"]
[EndTime "1:37:12 PDT"]
[Termination "Game drawn by repetition"]

1. e4 c5 2. Nf3 d6 3. d4 cxd4 4. Nxd4 Nf6 5. Nc3 g6 6. g3 Bg7 7. Bg2 Nc6 8. Nxc6 bxc6 9. e5 Nd5 10. Nxd5 cxd5 11. Qxd5 Rb8 12. exd6 O-O 13. O-O Be6 14. Qd3 exd6 15. c3 Qc7 16. Rd1 Rb6 17. Be3 Rxb2 18. Qxd6 Qxc3 19. Bd4 Bxd4 20. Qxd4 Qxd4 21. Rxd4 Rc8 22.
a4 Rcc2 23. Rf4 g5 24. Rf3 Bg4 25. Rf6 Kg7 26. Ra6 Rxf2 27. Bd5 Be6 28. Bxe6 Rg2+ 29. Kf1 fxe6 30. Rxa7+ Kg6 31. Re7 Rxh2 32. Kg1 Rbg2+ 33.
Kf1 Kf6 34. Rxh7 Rf2+ 35. Kg1 Rhg2+ 36. Kh1 Kg6 37. Rh3 g4 38. Rh4 Rxg3 39. a5 Kg5 40. Rh8 Rff3 41. Rg8+ Kh5 42. Rh8+ Kg6 43. Rg8+ Kf7 44.
Rg5 Kf6 45. Rg8 Ra3 46. Rxa3 Rxa3 47. Rxg4 Kf5 48. Rh4 e5 49. Kg2 Rxa5 50. Kf2 Ra2+ 51. Ke3 Ra3+ 52. Ke2 e4 53. Rh8 Kf4 54. Rf8+ Ke5 55.
Re8+ Kd5 56. Rd8+ Ke5 57. Re8+ Kd5 58. Rd8+ Ke5 59. Re8+ 1/2-1/2

[Event "Live Chess"]
[Site "Chess.com"]
[Date "2023.05.21"]
[Round "-"]
[White "whitedjohn"]
[Black "stevochess11"]
[Result "1-0"]
[WhiteElo "1641"]
[BlackElo "1754"]
[TimeControl "300"]
[EndTime "1:37:16 PDT"]
[Termination "whitedjohn won by resignation"]

1. e4 c5 2. Nf3 g6 3. d4 cxd4 4.
Nxd4 Nc6 5. Nc3 Bg7 6. Be3 Nf6 7. f3 O-O 8. Qd2 d5 9. Nxc6 bxc6 10. e5 Nd7 11. f4 e6 12. O-O-O Qa5 13. Kb1 c5 14. Nxd5 Qxd2 15. Ne7+ Kh8 16. Rxd2 g5 17. Nxc8 Nxe5 18. fxe5 Raxc8 19. Bxg5 Bxe5 20. Bc4 Rb8 21. b3 Rg8 22. Be3 Rg4 23. Kc1 Bc3 24. Re2 Bb4 25. h3 Ba3+ 26.
Kd1 Rd8+ 27. Ke1 Bb4+ 28. Kf1 Re4 29. Kf2 f5 30. Bd3 Re5 31. Bg5 Rf8 32. Rxe5 1-0

[Event "Live Chess"]
[Site "Chess.com"]
[Date "2023.05.21"]
[Round "-"]
[White "OleksiyJr1"]
[Black "Long1968"]
[Result "1-0"]
[WhiteElo "979"]
[BlackElo "991"]
[TimeControl "300"]
[EndTime "1:37:33 PDT"]
[Termination "OleksiyJr1 won on time"]

1. e4 e6 2. Nf3 d5 3. e5 c5 4. d4 cxd4 5. Nxd4 Nc6 6. Nxc6 bxc6 7. Nc3 Qc7 8. f4 Bb4 9. Bd2 Ne7 10. a3 Bxc3 11.
Bxc3 c5 12. Qg4 Ng6 13. Bd3 O-O 14. Bxg6 fxg6 15. h4 Rf5 16. O-O-O Bb7 17. h5 gxh5 18. Rxh5 Qf7 19. Rxf5 Qxf5 20. Qxf5 exf5 21. g3 d4 22. Be1 Rd8 23. c3 d3 24. b4 cxb4 25. cxb4 Rc8+ 26. Kb2 Be4 27. e6 Rc2+ 28. Kb3 Kf8 29.
Rd2 1-0

[Event "Live Chess"]
[Site "Chess.com"]
[Date "2023.05.21"]
[Round "-"]
[White "JoshMcK"]
[Black "LiamClery2020"]
[Result "0-1"]
[WhiteElo "1530"]
[BlackElo "2027"]
[TimeControl "300"]
[EndTime "1:37:41 PDT"]
[Termination "LiamClery2020 won by resignation"]

1. e4 Nf6 2. e5 Nd5 3. d4 d6 4. c4 Nb6 5. f4 dxe5 6. fxe5 Nc6 7. Be3 Bf5 8. Nc3 e6 9. Nf3 Be7 10. Be2 O-O 11. O-O f6 12. exf6 Bxf6 13. Qd2 Qe7 14. Rad1 Rad8 15. Kh1 Bg4 16. h3 Bxf3 17.
Bxf3 Nxc4 18. Qc1 Nxe3 19. Qxe3 Nxd4 20. Bxb7 Nf5 21. Qe1 Bh4 22. Qe4 Ng3+ 0-1

[Event "Live Chess"]
[Site "Chess.com"]
[Date "2023.05.21"]
[Round "-"]
[White "Richardallis"]
[Black "EdenHazard8"]
[Result "0-1"]
[WhiteElo "1865"]
[BlackElo "1950"]
[TimeControl "300"]
[EndTime "1:37:48 PDT"]
[Termination "EdenHazard8 won by resignation"]

1. d4 d5 2. Nf3 Nf6 3. Bg5 Bf5 4. Nbd2 e6 5. e3 c5 6. Bd3 Bg6 7. Bxg6 hxg6 8. c3 Nc6 9. O-O cxd4 10. exd4 Bd6 11. Re1 Qc7 12. h3 O-O-O 13. b4 Ne7 14.
Nb3 Ne4 15. Bxe7 Bxe7 16. Qd3 Kb8 17. Rac1 f5 18. Ne5 Bd6 19. Nxg6 Rh6 20. Ne5 Bxe5 21. dxe5 Qxe5 22. f3 Qg3 23. Re2 Rxh3 24. Rxe4 fxe4 25. Qe3 exf3 26. Qxf3 Qxf3 27. gxf3 Rxf3 28. Nd4 Re3 29. Kf2 Re4 30. Nf3 Rc8 31. Ng5 Rxb4 32. Nxe6 Rb2+ 33.
Ke3 Rxa2 34. Nxg7 Ra4 35. Kd3 d4 36. c4 b5 37. c5 Rc4 38. Rxc4 bxc4+ 39. Kxc4 Rd8 40.
Ne6 d3 41. Nxd8 d2 42. Nc6+ Kc7 43. Nxa7 d1=Q 44. Nb5+ Kb7 45. Nd6+ Kc6 46. Nb5 Qa4+ 0-1

[Event "Live Chess"]
[Site "Chess.com"]
[Date "2023.05.21"]
[Round "-"]
[White "RamsayFlayer"]
[Black "jagbama"]
[Result "1-0"]
[WhiteElo "1973"]
[BlackElo "1166"]
[TimeControl "300"]
[EndTime "1:37:54 PDT"]
[Termination "RamsayFlayer won on time"]

1. e4 e5 2. Nf3 Nc6 3. Bb5 d6 4. d4 a6 5. Bxc6+ bxc6 6. dxe5 dxe5 7. Qxd8+ Kxd8 8. Nxe5 Ke8 9. Nxc6 Bb7 10. Nd4 Bxe4 11. Nc3 Bxc2 12. O-O Bg6 13. Re1+ Be7 14. Nd5 Rd8 15.
Nxc7+ Kf8 16. Nc6 Rc8 17. Nxe7 Nxe7 18. Nxa6 h5 19. Bf4 Nf5 20. Rac1 Ra8 21. Nb4 h4 22. Nd5 f6 23. Ne3 Nxe3 24. Bd6+ Kf7 25. Rxe3 Rh5 26. Rc7+ Kg8 27. Ree7 Rh7 28. a3 Rd8 29. Rcd7 Rc8 30. h3 Be8 31. Rc7 Rd8 32. b4 Ba4 33. Rb7 Re8 34. Rxe8+ Bxe8 35. b5 1-0

[Event "Live Chess"]
[Site "Chess.com"]
[Date "2023.05.21"]
[Round "-"]
[White "Mugzwang"]
[Black "Ferrarifan27"]
[Result "0-1"]
[WhiteElo "1551"]
[BlackElo "2084"]
[TimeControl "300"]
[EndTime "1:37:54 PDT"]
[Termination "Ferrarifan27 won by checkmate"]

1. Nf3 d5 2. c4 d4 3. e3 c5 4. b4 dxe3 5. fxe3 cxb4 6. d4 e6 7. Bd3 Nf6 8. O-O Nc6 9. a3 bxa3 10. Nxa3 Be7 11. Qc2 Nb4 12. Qe2 Nxd3 13. Qxd3 O-O 14. Bb2 b6 15. e4 Bb7 16. e5 Ne4 17. Nb5 a6 18. Nc3 Nxc3 19. Qxc3 Rc8 20. Rac1 Bd5 21. Qd3 Bb7 22. Nd2 Qd7 23. Ne4 Bxe4 24. Qxe4 Rfd8 25. Qf4 Bb4 26. Qg4 h6 27. d5 exd5 28. e6 fxe6 29. Rf6 Rxc4 30. Qg6 Rxc1+ 31. Bxc1 Bc5+ 32. Kh1 Bd4 33. Rf4 Be5 34. Rh4 Qf7 35. Qg4 Qf1# 0-1

[Event "Live Chess"]
[Site "Chess.com"]
[Date "2023.05.21"]
[Round "-"]
[White "domrobson"]
[Black "BillythekidFellowes"]
[Result "0-1"]
[WhiteElo "1749"]
[BlackElo "2057"]
[TimeControl "300"]
[EndTime "1:38:19 PDT"]
[Termination "BillythekidFellowes won by resignation"]

1. d4 e5 2. dxe5 Nc6 3. Nf3 Qe7 4. Bg5 Qb4+ 5. Nc3 Qxb2 6. Bd2 Bb4 7. Rb1 Qa3 8. Nd5 Bxd2+ 9. Qxd2 Qxa2 10. Rd1 Kd8 11. e4 Nge7 12. Qg5 Rg8 13. Bd3 h6 14. Qh4 Qa5+ 15. c3 g5 16. Qxh6 Nxd5 17. exd5 Qxc3+ 18. Kf1 Qb3 19. Qf6+ Ne7 20. Be2 d6 21. Nxg5 Rg6 22.
Nxf7+ Ke8 23. Qf4 Bf5 24. exd6 Rf6 25. dxe7 Qxd1+ 26. Bxd1 Bd3+ 27. Be2 Bxe2+ 28. Kxe2 Rxf4 29. Ne5 Re4+ 0-1

[Event "Live Chess"]
[Site "Chess.com"]
[Date "2023.05.21"]
[Round "-"]
[White "Larchikov"]
[Black "mliszewski"]
[Result "1-0"]
[WhiteElo "2045"]
[BlackElo "1858"]
[TimeControl "300"]
[EndTime "1:38:21 PDT"]
[Termination "Larchikov won by resignation"]

1. e4 c6 2. d4 d5 3. Nc3 dxe4 4. Nxe4 Nf6 5. Bd3 Qxd4 6. Nxf6+ exf6 7. Nf3 Qd8 8. Qe2+ Qe7 9. Be3 Nd7 10. O-O-O Ne5 11.
Nxe5 fxe5 12. f4 exf4 13. Bxf4 Qxe2 14. Bxe2 Be7 15. Bc4 O-O 16. Rhf1 b5 17. Bd3 Be6 18. b3 a5 19. Be4 Ra6 20. Bd6 Bg5+ 21. Kb1 Rd8 22. Bf4 Bf6 23. Rxd8+ Bxd8 24. Rd1 Bf6 25. Rd6 a4 26. Rxc6 Rxc6 27. Bxc6 axb3 28. axb3 b4 29. Kc1 Bc3 30. Bd2 Kf8 31. Bxc3 bxc3 32. Be4 g6 33. Kd1 f5 34. Bf3 Ke7 35. Ke2 Kd6 36. Kd3 Kc5 37.
Kxc3 g5 38. g3 g4 39. Bg2 Bd7 40. Kd3 Bb5+ 41. c4 Ba6 42. Kc3 Bc8 43. b4+ Kb6 44. Kd4 1-0

[Event "Live Chess"]
[Site "Chess.com"]
[Date "2023.05.21"]
[Round "-"]
[White "JoeyCage"]
[Black "MarkLim1"]
[Result "0-1"]
[WhiteElo "2297"]
[BlackElo "1726"]
[TimeControl "300"]
[EndTime "1:38:25 PDT"]
[Termination "MarkLim1 won by checkmate"]

1. e4 e6 2. d4 d5 3. Nc3 Nf6 4. e5 Nfd7 5. Nce2 c5 6. c3 Nc6 7.
Nf3 b5 8. a3 Qa5 9. Bd2 Ba6 10.
dxc5 Ndxe5 11. b4 Nd3# 0-1

[Event "Live Chess"]
[Site "Chess.com"]
[Date "2023.05.21"]
[Round "-"]
[White "chessfiction"]
[Black "Ian-Morley"]
[Result "1-0"]
[WhiteElo "2330"]
[BlackElo "1053"]
[TimeControl "300"]
[EndTime "1:38:28 PDT"]
[Termination "chessfiction won by resignation"]

1. e4 e5 2. Bc4 Nf6 3. d4 c6 4. dxe5 d5 5. exf6 dxc4 6. Qxd8+ Kxd8 7. Bg5 g6 8. Nc3 Bb4 9. O-O-O+ Nd7 10. Nf3 Bxc3 11.
bxc3 b5 12. Ne5 h6 13. Nxf7+ Kc7 14. Bf4+ Kb7 15. Nxh8 g5 16. Be3 Nxf6 17. Nf7 Nxe4 18.
Nd6+ Kc7 19. Nxe4 1-0

[Event "Live Chess"]
[Site "Chess.com"]
[Date "2023.05.21"]
[Round "-"]
[White "Denz14"]
[Black "OceanFloater"]
[Result "1-0"]
[WhiteElo "1038"]
[BlackElo "1014"]
[TimeControl "300"]
[EndTime "1:38:37 PDT"]
[Termination "Denz14 won by resignation"]

1. e4 c6 2. d4 d5 3. e5 Bf5 4. Bd3 Bxd3 5. Qxd3 e6 6. c3 c5 7. Nf3 Nc6 8. O-O c4 9. Qc2 Nge7 10.
Bg5 g6 11. Bf6 Rg8 12. Ng5 Bg7 13. Nxh7 Bxf6 14. Nxf6+ Kf8 15. Nxg8 Kxg8 16. Qe2 Kg7 17. f4 Nf5 18. g4 Nh6 19. f5 exf5 20. gxf5 Nxf5 21.
Qg4 Nce7 22. Nd2 Qb6 23. Rab1 Rh8 24. Rf2 Rh4 25. Qg5 Rh5 26. Qg4 Rh4 27. Qg5 Rh5 28.
Qg4 Ne3 29. Qf3 Rg5+ 30. Kh1 N7f5 31. Nf1 Qe6 32. Nxe3 Nxe3 33. Qxe3 Qg4 34. Qg3 Qe4+ 35. Qf3 Qg4 36. Rff1 Qxf3+ 37. Rxf3 Rf5 38. Rxf5 gxf5 39.
Rf1 Kg6 40. Kg2 Kg5 41. Kf3 a6 42. Rg1+ Kh5 43. Rg8 b5 44. Kf4 Kh6 45. Kxf5 Kh7 46. Rg3 Kh6 47. Kf6 Kh5 48. Rh3+ Kg4 49. Rh5 Kxh5 50.
Kxf7 Kg5 51. e6 Kf5 52. e7 Ke4 53. e8=Q+ Kd3 54. h3 a5 55. h4 b4 56. cxb4 axb4 57. h5 Kxd4 58. h6 c3 59. bxc3+ bxc3 60. Qh8+ Kd3 61.
Qxc3+ Kxc3 62. h7 Kb2 63. a4 Kb3 64. a5 Kb4 65. a6 d4 66. h8=Q d3 67. Qb2+ Kc4 68. a7 d2 69. Qxd2 1-0

[Event "Live Chess"]
[Site "Chess.com"]
[Date "2023.05.21"]
[Round "-"]
[White "WelshTiger"]
[Black "SteveValentine83"]
[Result "1-0"]
[WhiteElo "2349"]
[BlackElo "1532"]
[TimeControl "300"]
[EndTime "1:38:49 PDT"]
[Termination "WelshTiger won on time"]

1. e4 d5 2. exd5 Nf6 3. Bb5+ Bd7 4. Bc4 c6 5. dxc6 Nxc6 6. Nf3 g6 7. d4 e6 8. c3 Bg7 9. O-O O-O 10. Bg5 Qb6 11.
Qb3 Qxb3 12. Bxb3 Ne4 13. Be3 e5 14. Bd5 exd4 15. cxd4 Nf6 16. Bb3 Na5 17. Nc3 Nxb3 18. axb3 a6 19. Ne5 Bf5 20. h3 Rfd8 21. b4 Nd5 22. g4 Be6 23. Nxd5 Rxd5 24. f4 Bxe5 25. fxe5 Rb5 26. Bd2 Rc8 27. Bc3 Bd5 28. Rf6 Rc6 29. g5 Rxf6 30. gxf6 Rb6 31. Kf2 Kf8 32. Ke3 Ke8 33.
h4 h6 34. Ra5 Rb5 35. Ra1 Kd7 36. Kf4 Ke6 37. Rg1 Rb6 38. Rg3 Rc6 39. Ke3 b6 40.
Kd3 b5 41. Rg1 Bc4+ 42. Kd2 Kd5 43. Re1 Ke6 44. Rg1 Kf5 45. Ke3 Ke6 46. Bd2 h5 47. Rc1 Kf5 48. Bc3 Kg4 49. Rh1 Kf5 50. Rf1+ Ke6 51.
Kf4 Bd5 52. Kg5 Kd7 53. Ra1 Kc7 54. Kh6 Kd7 55. Kg7 Kc7 56. Re1 Kd7 57. Kf8 Re6 58.
Kxf7 1-0

[Event "Live Chess"]
[Site "Chess.com"]
[Date "2023.05.21"]
[Round "-"]
[White "EPotapov05"]
[Black "AyannaTang"]
[Result "1-0"]
[WhiteElo "1389"]
[BlackElo "212"]
[TimeControl "300"]
[EndTime "1:38:52 PDT"]
[Termination "EPotapov05 won by checkmate"]

1. d4 d5 2. c4 e5 3. dxe5 dxc4 4. Qxd8+ Kxd8 5. e3 b5 6. a4 a5 7. axb5 Nd7 8. Bxc4 Nxe5 9. Bd5 Bb4+ 10. Bd2 Bxd2+ 11.
Nxd2 c5 12. Bxa8 c4 13. Rxa5 c3 14. bxc3 Nf6 15. Ngf3 Nxf3+ 16. Nxf3 Nd5 17. Bxd5 Re8 18. Ke2 Re7 19. Rd1 Rc7 20. Bxf7+ Ke7 21. Bd5 Rxc3 22. b6 h5 23. Rb1 Rc2+ 24. Nd2 Kd6 25. b7 Bxb7 26. Bxb7 Rc6 27. Bxc6 Kxc6 28. Rb4 Kd6 29. Ne4+ Kc6 30. Rc5+ Kd7 31. Rb6 Ke7 32. Rc7+ Kd8 33. Rxg7 Kc8 34. Rh6 Kd8 35. Rh8# 1-0

[Event "Live Chess"]
[Site "Chess.com"]
[Date "2023.05.21"]
[Round "-"]
[White "Delacorta"]
[Black "ProfPoisson"]
[Result "0-1"]
[WhiteElo "1424"]
[BlackElo "1207"]
[TimeControl "300"]
[EndTime "1:38:56 PDT"]
[Termination "ProfPoisson won by checkmate"]

1. d4 e6 2. Nf3 f5 3. Bg5 Be7 4. Bxe7 Qxe7 5. Nbd2 Nf6 6. e3 O-O 7. Be2 b6 8. Ne5 d6 9. Bf3 Ne4 10. Nxe4 dxe5 11. Nd2 e4 12. Be2 Ba6 13. Bxa6 Nxa6 14. a3 c5 15. Qe2 Nc7 16. dxc5 Qxc5 17. Nb3 Qe5 18. O-O-O Rfd8 19. Nd4 Rac8 20. Nc6 Rxd1+ 21. Rxd1 Qf6 22. Rd7 Nd5 23. Nxa7 Rc7 24. Rxc7 Nxc7 25. Qc4 Nd5 26. Qc8+ Kf7 27. Qd7+ Kg6 28. Nc6 f4 29. Qe8+ Kh6 30. Nd4 fxe3 31. Qxe6 Qxe6 32. Nxe6 exf2 33. Kd2 f1=Q 34. c3 e3+ 35. Kc2 e2 36. Kb3 e1=Q 37. Nd4 Qe8 38. Nb5 Qd1+ 39. Ka2 Qxb5 40. a4 Qbb3# 0-1

[Event "Live Chess"]
[Site "Chess.com"]
[Date "2023.05.21"]
[Round "-"]
[White "rasrae1364"]
[Black "Argrath"]
[Result "1-0"]
[WhiteElo "1729"]
[BlackElo "1469"]
[TimeControl "300"]
[EndTime "1:39:00 PDT"]
[Termination "rasrae1364 won by resignation"]

1. e4 c6 2. d4 d5 3. e5 c5 4. Nf3 Nc6 5. Bb5 Qa5+ 6. Nc3 Bg4 7. dxc5 d4 8. Qxd4 Rd8 9. Qxg4 a6 10. Bxc6+ bxc6 11. O-O e6 12. Ne4 Nh6 13. Bxh6 gxh6 14. Nf6+ Ke7 15.
b4 1-0

[Event "Live Chess"]
[Site "Chess.com"]
[Date "2023.05.21"]
[Round "-"]
[White "RichardABates"]
[Black "MJMykh"]
[Result "1-0"]
[WhiteElo "2134"]
[BlackElo "1101"]
[TimeControl "300"]
[EndTime "1:39:23 PDT"]
[Termination "RichardABates won by checkmate"]

1. d4 d5 2. c4 dxc4 3. e4 Nc6 4. Nf3 Nf6 5. e5 Ng8 6. Bxc4 f6 7. O-O fxe5 8. dxe5 Qxd1 9. Rxd1 Bg4 10. Bd5 Bxf3 11. Bxf3 e6 12. Nc3 Nge7 13. Bf4 Nf5 14. Bxc6+ bxc6 15. Rac1 Bb4 16. Ne4 c5 17. Nxc5 Bxc5 18. Rxc5 Rc8 19. Rc6 O-O 20. g3 Rfe8 21. Rd7 Re7 22.
Rxe7 Nxe7 23. Rxe6 Nd5 24. Bd2 h6 25. f4 Kf7 26.
Ra6 Ra8 27. f5 Ne7 28. g4 c6 29. Bc3 g6 30. e6+ Kf8 31. f6 Nd5 32. Rxc6 Nxc3 33.
bxc3 a5 34. Rc7 Ke8 35. Rh7 Ra6 36. Rh8# 1-0

[Event "Live Chess"]
[Site "Chess.com"]
[Date "2023.05.21"]
[Round "-"]
[White "wadsy27"]
[Black "Duke_of_Bebington"]
[Result "1-0"]
[WhiteElo "2568"]
[BlackElo "1589"]
[TimeControl "300"]
[EndTime "1:39:31 PDT"]
[Termination "wadsy27 won by resignation"]

1. Nf3 d5 2. g3 Nf6 3. Bg2 Bf5 4. c4 c6 5. Qb3 Qb6 6. d3 e6 7.
Be3 Qxb3 8. axb3 Nbd7 9. Nh4 Bg6 10. Bd4 e5 11. Bc3 Bc5 12. b4 Bb6 13. Nxg6 hxg6 14. e3 e4 15. dxe4 dxc4 16. Nd2 O-O-O 17. Nxc4 Rhe8 18. Nd6+ Kb8 19. Nxe8 Rxe8 20. O-O Nxe4 21. Bxe4 Rxe4 22. Rad1 Nf6 23. Bxf6 gxf6 24. Rd7 Rxb4 25.
Rxf7 1-0

[Event "Live Chess"]
[Site "Chess.com"]
[Date "2023.05.21"]
[Round "-"]
[White "ranvir123"]
[Black "Leonid_Starozhilov"]
[Result "0-1"]
[WhiteElo "932"]
[BlackElo "2661"]
[TimeControl "300"]
[EndTime "1:39:33 PDT"]
[Termination "Leonid_Starozhilov won by checkmate"]

1. e4 c5 2. Nf3 e6 3. d4 cxd4 4.
Nxd4 a6 5. Nc3 b5 6. Bf4 Bb7 7.
Qf3 Nf6 8. Bd3 Nc6 9. Nxc6 Bxc6 10. O-O-O b4 11. Ne2 Qa5 12. Kb1 Be7 13. c3 O-O 14.
cxb4 Qxb4 15. Nc3 d5 16. exd5 Nxd5 17. Nxd5 Bxd5 18. Qh3 g6 19. Bd2 Qa4 20. a3 Bxa3 21. bxa3 Qb3+ 22. Kc1 Rfc8+ 23. Bc3 Qxc3+ 24. Kb1 Rab8+ 25. Bb5 Rxb5# 0-1

[Event "Live Chess"]
[Site "Chess.com"]
[Date "2023.05.21"]
[Round "-"]
[White "Rusty_Bridges"]
[Black "swingrumbacha"]
[Result "0-1"]
[WhiteElo "1525"]
[BlackElo "2440"]
[TimeControl "300"]
[EndTime "1:39:45 PDT"]
[Termination "swingrumbacha won by resignation"]

1. e4 e6 2. d4 d5 3. exd5 exd5 4. Bd3 Bd6 5. c3 Ne7 6. Nf3 Bf5 7. O-O Bxd3 8. Qxd3 c6 9. Bg5 h6 10. Bh4 Na6 11.
Re1 O-O 12. Nbd2 Re8 13. Ne5 f6 14. Ng6 Qd7 15. Nxe7+ Rxe7 16. Nf3 Nc7 17. Bg3 Rxe1+ 18. Rxe1 Ne8 19. Nh4 Bxg3 20. hxg3 Rd8 21. Nf5 Kf8 22. Qf3 Nd6 23. Nxd6 Qxd6 24. b3 Kf7 25. Kf1 Rh8 26. Qh5+ g6 27. Qf3 a5 28. Re3 b5 29.
Qe2 Qd7 30. Ke1 Ra8 31. Qd2 Rb8 32. Re2 Rh8 33. Kd1 g5 34. Kc2 Ra8 35. Qd3 Kg7 36.
Re3 Re8 37. Qe2 Kf8 38. Rxe8+ Qxe8 39. Qxe8+ Kxe8 40. Kd3 Kf7 41. f4 gxf4 42. gxf4 Kg6 43. Ke3 Kf5 44. Kf3 b4 45. cxb4 axb4 46. g4+ Kg6 47. Kg3 f5 48. Kh4 fxg4 49. Kxg4 h5+ 50. Kh4 Kf5 51. Kxh5 Kxf4 52. Kg6 Ke4 53. Kf6 Kxd4 54.
Ke6 Kc3 0-1

[Event "Live Chess"]
[Site "Chess.com"]
[Date "2023.05.21"]
[Round "-"]
[White "Mikhail_Golubev"]
[Black "TKDRyan"]
[Result "1-0"]
[WhiteElo "2482"]
[BlackElo "1137"]
[TimeControl "300"]
[EndTime "1:39:51 PDT"]
[Termination "Mikhail_Golubev won on time"]

1. h3 e6 2. a3 d5 3. e3 Nc6 4. c4 Nf6 5. d4 Bd6 6. Nf3 O-O 7.
Qc2 dxc4 8. Bxc4 e5 9. O-O Ne7 10. dxe5 Bxe5 11. Nxe5 Bf5 12. Qe2 Qd6 13. Nf3 Ng6 14. Nc3 a6 15. Rd1 Qb6 16. e4 Be6 17. Be3 Qc6 18. Bxe6 fxe6 19. Nd4 Qe8 20. Qc4 Ne5 21.
Qxe6+ Kh8 22. Qxe8 Raxe8 23. Bg5 Nc4 24. f3 Nxb2 25. Rdb1 Nd3 26. Rxb7 Nh5 27. Rxc7 Nhf4 28. Bxf4 Rxf4 29. Nf5 g6 30. Ne3 h5 31. Ncd5 Rff8 32. Rb1 Rb8 33. Rxb8 Rxb8 34. Nf6 Rb1+ 35. Nf1 1-0

[Event "Live Chess"]
[Site "Chess.com"]
[Date "2023.05.21"]
[Round "-"]
[White "OleksiyJr1"]
[Black "Richardallis"]
[Result "0-1"]
[WhiteElo "979"]
[BlackElo "1865"]
[TimeControl "300"]
[EndTime "1:39:55 PDT"]
[Termination "Richardallis won by resignation"]

1. e4 d5 2. exd5 Nf6 3. Nc3 Nxd5 4. Nxd5 Qxd5 5. Nf3 Bf5 6. c3 Nd7 7. d4 e5 8. Be3 e4 9. Nd2 Bd6 10. Bc4 Qa5 11. O-O c6 12. Bb3 O-O 13. Bc2 Rae8 14. Re1 Bb8 15. f3 exf3 16. Qxf3 Bxc2 17. Bg5 Qxg5 18.
Rxe8 Rxe8 19. Qf1 0-1

[Event "Live Chess"]
[Site "Chess.com"]
[Date "2023.05.21"]
[Round "-"]
[White "stevochess11"]
[Black "TheSmoulderingMaster"]
[Result "0-1"]
[WhiteElo "1744"]
[BlackElo "1696"]
[TimeControl "300"]
[EndTime "1:40:10 PDT"]
[Termination "TheSmoulderingMaster won by resignation"]

1. e4 c5 2. c3 d5 3. f3 dxe4 4. fxe4 e5 5. d3 Nc6 6. g3 Nf6 7.
Nh3 Bg4 8. Qb3 Qd7 9. Nf2 Bf3 10. Rg1 Be7 11. Bh3 Bg4 12. Bg2 O-O 13. Nd2 Be6 14. Qd1 Rad8 15. Nf3 Ng4 16. Be3 Nxe3 17. Qe2 Nxg2+ 18.
Rxg2 Bg4 19. O-O-O Bxf3 20. Qxf3 Bg5+ 21. Kb1 c4 22.
Nh3 Bf6 23. Qh5 g6 24. Qh6 Bg7 25. Qe3 Qxh3 0-1

[Event "Live Chess"]
[Site "Chess.com"]
[Date "2023.05.21"]
[Round "-"]
[White "Shepherds_Pie"]
[Black "Doge_Dandolo"]
[Result "1-0"]
[WhiteElo "1923"]
[BlackElo "1878"]
[TimeControl "300"]
[EndTime "1:40:22 PDT"]
[Termination "Shepherds_Pie won by resignation"]

1. c4 Nf6 2. Nc3 c5 3. g3 e6 4. Nf3 d5 5. cxd5 exd5 6. d4 cxd4 7. Nxd4 Nc6 8. Bg2 Bc5 9. Nb3 Be7 10. O-O O-O 11.
Nxd5 Nxd5 12. Qxd5 Be6 13. Qxd8 Rfxd8 14. Be3 Nb4 15.
Nd4 Bxa2 16. Nf5 Bf8 17. Bxb7 Rab8 18. Be4 a6 19. Ba7 Rbc8 20. Bb7 Rc2 21. Bb6 Rb8 22. Be4 Rxe2 23. Bf3 Re5 24. Bc7 Rbb5 25. Bxe5 Rxe5 26. Nd4 g6 27. Nc6 Rc5 28. Nxb4 1-0

[Event "Live Chess"]
[Site "Chess.com"]
[Date "2023.05.21"]
[Round "-"]
[White "Larchikov"]
[Black "domrobson"]
[Result "1-0"]
[WhiteElo "2055"]
[BlackElo "1746"]
[TimeControl "300"]
[EndTime "1:40:41 PDT"]
[Termination "Larchikov won by resignation"]

1. e4 e5 2. Nf3 Nc6 3. Bc4 Nf6 4. O-O Bc5 5. c3 a6 6. d4 exd4 7. cxd4 Ba7 8. e5 d5 9. exf6 dxc4 10. fxg7 Rg8 11.
Bg5 f6 12. Re1+ Kf7 13. Ne5+ Nxe5 14. Qh5+ Ng6 15. Bh6 Qxd4 16. Nc3 Qxf2+ 17. Kh1 Qf5 18. Qe2 Bd7 19. Rf1 Qe6 20. Ne4 Bd4 21. Ng5+ 1-0

[Event "Live Chess"]
[Site "Chess.com"]
[Date "2023.05.21"]
[Round "-"]
[White "OceanFloater"]
[Black "JoeyCage"]
[Result "0-1"]
[WhiteElo "1014"]
[BlackElo "2297"]
[TimeControl "300"]
[EndTime "1:40:50 PDT"]
[Termination "JoeyCage won by checkmate"]

1. e4 c5 2. Nf3 Nc6 3. Nc3 g6 4. d4 cxd4 5. Nxd4 Bg7 6. Nxc6 bxc6 7. Bd2 Nf6 8. Bc4 O-O 9. O-O d5 10. exd5 cxd5 11. Nxd5 Nxd5 12. c3 Bb7 13. Qc2 Rc8 14.
Bb3 Qb6 15. c4 Nb4 16. Qd1 Rfd8 17. Re1 Nd3 18. Rxe7 Qxf2+ 19. Kh1 Qxg2# 0-1

[Event "Live Chess"]
[Site "Chess.com"]
[Date "2023.05.21"]
[Round "-"]
[White "Goblinbasher"]
[Black "Singapourfeuj"]
[Result "1/2-1/2"]
[WhiteElo "1242"]
[BlackElo "2186"]
[TimeControl "300"]
[EndTime "1:40:52 PDT"]
[Termination "Game drawn - timeout vs insufficient material"]

1. e4 c5 2. Nc3 Nc6 3. f4 e6 4.
Bb5 Nge7 5. Nf3 a6 6. Bxc6 Nxc6 7. O-O d5 8. exd5 exd5 9. d4 cxd4 10. Nxd4 Bc5 11. Ne2 O-O 12. Kh1 Bg4 13. Nxc6 bxc6 14.
Qd3 Re8 15. Ng3 g6 16. f5 Qh4 17. fxg6 hxg6 18. a3 Bd6 19. Bf4 Bc5 20. b4 Ba7 21. Qc3 Rac8 22. Be5 Rcd8 23. Bf6 d4 24. Qxc6 Qh6 25.
Bxd8 Rxd8 26. Qc7 Rf8 27. Qxa7 Qd2 28. Rad1 Qxc2 29. Rxd4 Be6 30. Qxa6 Kg7 31. Rdf4 Rd8 32. Re1 Rd1 33. Rxd1 Qxd1+ 34. Rf1 Qc2 35. Qe2 Qb3 36.
Qf3 Bd5 37. Qxb3 Bxb3 38. Rf3 Bd5 39. Rc3 f5 40. a4 f4 41. Ne2 g5 42. Kg1 Kf6 43. a5 Ke5 44. b5 g4 45. b6 f3 46.
gxf3 gxf3 47. Rxf3 Bxf3 48. Nc3 Bb7 49. Kf2 Kd4 50.
Ne2+ Kc5 51. h4 Kb5 52. h5 Kxa5 53. h6 Be4 54. h7 Bxh7 55. b7 Bd3 56. b8=Q Bb5 57.
Ke3 Ka4 58. Kd4 Bxe2 59. Kc3 Ka5 60. Qb4+ Ka6 61. Qc5 Bb5 62. Kb4 Be2 63. Qd6+ Kb7 64. Kc5 Bf3 1/2-1/2